 Dungeon Crawl Stone Soup version 0.31-a0-441-g867994ef1c (webtiles) character file.

Game seed: 6953038900795810798

1265 Anon1729 the Trooper (level 8, -3/71 HPs)
             Began as a Minotaur Monk on Aug 2, 2023.
             Killed from afar by a steam dragon (9 damage)
             ... with a ball of steam
             ... on level 6 of the Dungeon.
             The game lasted 00:02:40 (4368 turns).

Anon1729 the Trooper (Minotaur Monk)                Turns: 4368, Time: 00:02:40

Health: -3/71      AC: 11    Str: 17    XL:     8   Next: 27%
Magic:  9/9        EV: 14    Int:  7    God:
Gold:   334        SH:  0    Dex: 14    Spells: 7/7 levels left

rFire   . . .        m - +2 dagger (protect)
rCold   + . .        d - orb {light}
rNeg    . . .        C - +2 robe {rC+}
rPois   .            (helmet currently unavailable)
rElec   .            (cloak currently unavailable)
rCorr   +            (gloves currently unavailable)
SInv    .            (boots currently unavailable)
Will    .....        (no amulet)
Stlth   +            c - ring of resist corrosion
HPRegen 0.31/turn    (no ring)
MPRegen 0.11/turn

%: no passive effects
@: beast-form, under a protective aura, glowing
A: beast (slay +1), horns 2, retaliatory headbutt
a: Begin Untransformation


You were on level 6 of the Dungeon.
You were a hulking beast.
You visited 1 branch of the dungeon, and saw 6 of its levels.

You collected 334 gold pieces.

Inventory:

Hand Weapons
 a - a +0 short sword
 m - a +2 dagger of protection (weapon)
 s - a +3 dagger
Missiles
 l - a throwing net
Armour
 b - a +0 robe
 d - an orb of light (worn)
 C - a +2 robe of cold resistance (worn)
Jewellery
 c - a ring of resist corrosion (left hand)
Talismans
 v - a beast talisman (active)
Wands
 w - a wand of iceblast (10)
Scrolls
 e - 7 scrolls of identify {unknown}
 j - 2 scrolls of blinking {unknown}
 k - 2 scrolls of teleportation {unknown}
 o - a scroll of revelation {unknown}
 r - 2 scrolls of poison {unknown}
 t - a scroll of noise {unknown}
 x - a scroll of enchant armour {unknown}
 y - a scroll of fear {unknown}
 D - a scroll of amnesia {unknown}
 E - a scroll of silence {unknown}
Potions
 f - a potion of invisibility {unknown}
 g - 2 potions of heal wounds {unknown}
 h - 2 potions of haste {unknown}
 i - a potion of brilliance {unknown}
 n - a potion of magic {unknown}
 p - 2 potions of cancellation {unknown}
 q - a potion of curing {unknown}
 u - a potion of degeneration {unknown}
 z - a potion of enlightenment {unknown}
 A - a potion of lignification {unknown}
 B - a potion of attraction {unknown}


   Skills:
 + Level 6.3 Fighting
 + Level 5.8 Short Blades
 + Level 4.5 Armour
 + Level 5.8 Dodging
 + Level 3.6 Invocations
 + Level 1.8 Shapeshifting


You had 7 spell levels left.
You didn't know any spells.
Your spell library contained the following spells:

 Spells                   Type           Power      Damage    Failure   Level
 Necrotise                Necr           0%         1d4       43%         1
 Inner Flame              Hex/Fire       0%         N/A       80%         3
 Vampiric Draining        Necr           0%         2d6       80%         3
 Agony                    Necr           0%         N/A       100%        5
 Yara's Violent Unravell  Hex/Tmut       0%         3d3       100%        5
 Enfeeble                 Hex            0%         N/A       100%        7


Dungeon Overview and Level Annotations

Branches:
Dungeon (6/15)             Temple (0/1) D:4

Altars:
Makhleb
Okawaru

Shops:
D:3 *

Annotations:
D:5 Sigmund


Innate Abilities, Weirdness & Mutations

You are a hulking beast.
Your limbs bulge with bestial killing power. (Slay +1)
You have a pair of horns on your head.
You reflexively headbutt those who attack you in melee.


Message History

The quokka barely misses you. You furiously retaliate!
You headbutt the quokka. You hit the quokka.
You kill the quokka!
The black bear bites you but does no damage.
The black bear barely misses you.
The black bear claws you but does no damage.
You hit the black bear.
The black bear is moderately wounded.
The black bear bites you but does no damage.
The black bear claws you but does no damage.
The black bear completely misses you.
You hit the black bear. You headbutt the black bear.
The black bear is severely wounded.
The black bear bites you. The black bear closely misses you.
The black bear claws you but does no damage.
You hit the black bear but do no damage.
The black bear is severely wounded.
You hit the black bear.
The black bear is severely wounded.
The black bear goes berserk!
The giant cockroach barely misses you.
You hit the giant cockroach.
The giant cockroach is moderately wounded.
The black bear closely misses you. The black bear claws you.
The black bear claws you but does no damage.
The giant cockroach completely misses you.
You hit the giant cockroach.
You kill the giant cockroach!
The black bear bites you. The black bear barely misses you.
The black bear misses you.
You hit the black bear. You headbutt the black bear!
You kill the black bear!
The steam dragon breathes steam at you. The ball of steam hits you!
* * * LOW HITPOINT WARNING * * *
You hear the brisk rusting of a drain very nearby.
You are engulfed in a cloud of scalding steam.
* * * LOW HITPOINT WARNING * * *
The steam dragon breathes steam at you. The ball of steam hits you!
You die...

....# #.####.###)#
...## ### ##.).)#
...# #.)### ...##
##..# ....# #...##
##.## #....########
#..# #..!.........
###.# ####.......><
...## #§hD........
...#
~~~~~~†.##........
...##
####~~#####........
#...####..##
#........
#.........#
#########
#.........#
####....### ######


You could see a steam dragon (catching breath).

Vanquished Creatures
  Menkaure (D:5)
  A sky beast (D:6)
  4 black bears
  An ogre (D:5)
  A phantom (D:6)
  2 kobold brigands
  3 jellies
  A bullfrog zombie (D:5)
  A hound (D:5)
  An orc priest (D:6)
  An orc wizard (D:6)
  A scorpion zombie (D:5)
  A howler monkey skeleton (D:5)
  7 adders
  6 dart slugs
  A worm (D:2)
  3 orcs
  9 ball pythons
  6 endoplasms
  4 giant cockroaches
  9 goblins
  6 hobgoblins
  4 jackals (D:4)
  12 kobolds
  6 quokkas
  6 bats
  5 frilled lizards
  3 rats
106 creatures vanquished.

Notes
Turn   | Place    | Note
-------+----------+-------------------------------------------
     0 | D:1      | Anon1729 the Minotaur Monk began the quest for the Orb.
     0 | D:1      | Reached XP level 1. HP: 19/19 MP: 0/0
   182 | D:1      | Reached XP level 2. HP: 24/27 MP: 1/1
   246 | D:1      | Reached skill level 4 in Fighting
   923 | D:2      | Reached XP level 3. HP: 29/33 MP: 2/2
  1893 | D:3      | Reached skill level 1 in Armour
  1904 | D:3      | Found an iron altar of Okawaru.
  1941 | D:3      | Found Taplaink's Assorted Antiques.
  2009 | D:3      | Reached XP level 4. HP: 41/41 MP: 3/3
  2112 | D:3      | Found a burning altar of Makhleb.
  2224 | D:3      | Found a faded altar of an unknown god.
  2678 | D:4      | Found a staircase to the Ecumenical Temple.
  2699 | D:4      | Reached skill level 1 in Invocations
  2749 | D:4      | Noticed a black bear
  2755 | D:4      | Killed a black bear
  2756 | D:4      | Reached XP level 5. HP: 45/47 MP: 3/5
  3012 | D:4      | Reached skill level 5 in Fighting
  3012 | D:4      | Reached XP level 6. HP: 29/56 MP: 6/6
  3668 | D:5      | Entered Level 5 of the Dungeon
  3686 | D:5      | Noticed Menkaure
  3697 | D:5      | Killed Menkaure
  3735 | D:5      | Reached skill level 5 in Short Blades
  3735 | D:5      | Reached skill level 5 in Dodging
  3735 | D:5      | Reached XP level 7. HP: 44/61 MP: 7/7
  3821 | D:5      | Reached skill level 1 in Shapeshifting
  4012 | D:5      | Noticed Sigmund
  4028 | D:5      | HP: 2/62 [phantom (7)]
  4059 | D:6      | Reached skill level 6 in Fighting
  4208 | D:6      | Reached XP level 8. HP: 63/70 MP: 9/9
  4368 | D:6      | Killed from afar by a steam dragon

Illustrated notes

Levels and vault maps discovered:
D:1:      dpeg_arrival_long_road, layout_loops_cross, serial_rivers,
          chequers_serial_rivers_micro_e, chequers_serial_rivers_room_a,
          chequers_serial_rivers_large_b, chequers_serial_rivers_marsh,
          chequers_serial_rivers_large_a, chequers_serial_rivers_room_a
D:2:      layout_basic
D:3:      layout_loops_ring, lightli_temple_of_fire,
          mainiacjoe_overflow_cross_hatched,
          shapermc_ecumenical_altar_starsandcircs, serial_shops,
          nicolae_shop_back_alley_shop, kennysheep_generic_room_5
D:4:      minmay_angry_zag, layout_basic, temple_pool_b
D:5:      layout_cave_pools, amcnicky_altar_gilded, trog_ov_bears_minmay,
          serial_undead, serial_undead_c, serial_undead_b, serial_undead_b,
          serial_undead_e, uniq_sigmund, uniq_menkaure
D:6:      layout_rooms, gup_sewer_entry_bubbles, minmay_ruffians

Skill      XL: |  1  2  3  4  5  6  7 |
---------------+----------------------+-----
Fighting       | 4 5 6 |  6.3
Armour         | 1 2 3 4 |  4.5
Dodging        | 4 5 |  5.8
Short Blades   | 4 5 |  5.8
Invocations    | 1 2 3 |  3.6
Shapeshifting  | 1 |  1.8

Action                     |  1- 3 |  4- 6 |  7- 9 || total
---------------------------+-------+-------+-------++-------
  Melee: Short sword       |    69 |       |       ||    69
         Headbutt          |    19 |    24 |    37 ||    80
         Dagger            |    38 |    95 |    98 ||   231
    Use: Potion            |       |       |     2 ||     2
 Armour: Robe              |    19 |    18 |    45 ||    82
  Dodge: Dodged            |    51 |    48 |    98 ||   197
   Form: Beast             |       |     1 |       ||     1

Table legend: (Time is in decaauts)
 A = Elapsed time spent in this place.
 B = Non-inter-level travel time spent in this place.
 C = Inter-level travel time spent in this place.
 D = Time resting spent in this place.
 E = Time spent auto-exploring this place.
 F = Levels seen in this place.
 G = Mean time per level.
                   A        B        C        D        E       F      G
               +--------+--------+--------+--------+--------+-----+--------+
         Total |   4356 |   4129 |    227 |     91 |   3379 |   6 |  726.0 |
       Dungeon |   4356 |   4129 |    227 |     91 |   3379 |   6 |  726.0 |
               +--------+--------+--------+--------+--------+-----+--------+

Top non-repeatable levels by time:
     D:4: 1116 daAuts
     D:1: 888 daAuts
     D:2: 860 daAuts
     D:3: 821 daAuts
     D:5: 366 daAuts
     D:6: 303 daAuts
